AoeStats
← Jozz

Arabian Desert

510568190Analyzed
1v1 RM · 13h ago on Oct 1, 2026· 41m 36s· 2 players
Game mode
Random Map
Map size
Tiny (2 player)
Population
200
Speed
Normal
Resources
Standard
Victory
Conquest
Starting age
Dark Age
Ending age
Imperial Age
RankedLock teamsTeams togetherTeam positionsShared explorationLock speedFull tech treeHidden civsTurbo modeCheats
Victory
Defeat
🇲🇽 Wu · Mexico
1329
+16
🇧🇪 Vietnamese · Belgium
1321
-16
Jozz
6:26 Loom
9:12 Feudal Age
14:09 Double-Bit Axe
14:31 Horse Collar
15:51 Fletching
25:28 Castle Age
25:00 Wheelbarrow
24:45 Padded Archer Armor
26:11 Scale Barding Armor
26:10 Bodkin Arrow
25:47 Crossbowman
26:02 Light Cavalry
30:50 Ballistics
32:28 Chain Barding Armor
32:18 Forging
41:00 Leather Archer Armor
MachG109426
7:12 Loom
9:40 Feudal Age
9:40 Man-at-Arms
15:27 Double-Bit Axe
16:02 Fletching
20:57 Castle Age
22:01 Scale Mail Armor
22:40 Horse Collar
23:13 Squires
24:14 Chain Mail Armor
24:25 Arson
26:01 Forging
28:53 Wheelbarrow
31:42 Iron Casting
33:35 Pikeman
39:46 Gold Mining
40:50 Bow Saw
44:11 Imperial Age
Connection lost

Rejoining the realm…

Still unreachable

The connection could not be restored.

Session expired

The server has moved on; the page needs a fresh start.